 Dungeon Crawl Stone Soup version 0.29-a0-1065-g47a6bb87d6 (webtiles) character file.

Game seed: 5198328842348965077

94553 wingedge the Warrior (level 16, -9/176 HPs)
             Began as an Ogre Conjurer on Aug 19, 2022.
             Was a High Priest of Vehumet.
             Mangled by a ghost moth (10 damage)
             ... while paralysed
             ... on level 12 of the Dungeon.
             The game lasted 02:28:57 (27411 turns).

wingedge the Warrior (Ogre Conjurer)               Turns: 27411, Time: 02:28:57

Health: -9/176     AC: 10    Str:  9 (14) XL:     16   Next: 11%
Magic:  0/32       EV:  1    Int: 32 (34) God:    Vehumet [*****.]
Gold:   353        SH:  0    Dex:  0 (8)  Spells: 8/39 levels left

rFire   x . .      SeeInvis +   a - +6 long sword (freeze)
rCold   . . .      Faith    .   k - +8 tower shield of Inevitability {rElec rF- Int+7}
rNeg    . . .      Spirit   .   I - +2 robe {Will+}
rPois   +          Reflect  .   J - +2 hat
rElec   +          Harm     .   B - +2 cloak {rPois}
rCorr   .          Rampage  .   (gloves unavailable)
Will    ++...      Rnd*Tele +   (boots unavailable)
Stlth   ..........              y - amulet of regeneration
HPRegen 1.19/turn               N - ring of wizardry
MPRegen 0.23/turn               A - ring of see invisible

@: paralysed, slowed, lost dexterity
A: large, unfitting armour, tough skin 1, clever 1, teleportitis 1, MP-powered
wands
a: Renounce Religion


You were on level 12 of the Dungeon.
You worshipped Vehumet.
Vehumet was extremely pleased with you.
You visited 4 branches of the dungeon, and saw 21 of its levels.
You also visited: Bailey.

You collected 3381 gold pieces.
You spent 3028 gold pieces at shops.

Inventory:

Hand Weapons
 a - a +6 long sword of freezing (weapon)
 b - the +8 dagger of the Growing Genius {antimagic, rPois Stlth+}
   (You bought it in a shop on level 2 of the Orcish Mines)

   It reduces the magical energy of the wielder, and disrupts the spells and
   magical abilities of those it strikes.
   Natural abilities and divine invocations are not affected.
   rPois:     It protects you from poison.
   Stlth:     It makes you more stealthy.
 h - a +1 flail of holy wrath
Missiles
 p - 6 javelins
Armour
 k - the +8 tower shield of Inevitability (worn) {rElec rF- Int+7}
   (You acquired it on level 8 of the Dungeon)

   Int:       It affects your intelligence (+7).
   rF:        It makes you vulnerable to fire.
   rElec:     It insulates you from electricity.
 l - a +2 robe of cold resistance
 q - the +1 robe of the Jackalope {rN+++ Int+4}
   (You acquired it on level 11 of the Dungeon)

   Int:       It affects your intelligence (+4).
   rN:        It renders you almost immune to negative energy.
 B - a +2 cloak of poison resistance (worn)
 I - a +2 robe of willpower (worn)
 J - a +2 hat (worn)
Magical Staves
 d - a staff of death
 O - a staff of poison
 S - a staff of air
 W - a staff of cold
Jewellery
 c - a +4 ring of evasion
 e - a ring of positive energy
 j - a ring of protection from fire
 m - a ring of flight
 n - a +4 ring of protection
 o - a ring of resist corrosion
 w - a +6 ring of strength
 y - an amulet of regeneration (around neck)
 z - an amulet of magic regeneration
 A - a ring of see invisible (right hand)
 N - a ring of wizardry (left hand)
 V - a ring of poison resistance
Wands
 s - a wand of paralysis (12)
 H - a wand of polymorph (3)
 P - a wand of quicksilver (14)
Scrolls
 f - 3 scrolls of fog
 g - 5 scrolls of enchant weapon
 i - 3 scrolls of poison
 u - 5 scrolls of enchant armour
 v - 2 scrolls of vulnerability
 C - 2 scrolls of immolation
 R - a scroll of magic mapping
 U - 2 scrolls of teleportation
 X - 2 scrolls of blinking
 Y - a scroll of fear
Potions
 r - 3 potions of flight
 D - 11 potions of lignification
 G - 3 potions of mutation
 L - 2 potions of experience {unknown}
 M - 2 potions of cancellation {unknown}
Miscellaneous
 T - a box of beasts (inert)
 Z - a condenser vane (inert)


   Skills:
 - Level 15.0 Fighting
 + Level 0.1 Long Blades
 - Level 6.0 Dodging
 - Level 3.0 Stealth
 - Level 14.0 Shields
 - Level 12.0 Spellcasting
 - Level 10.0 Conjurations
 - Level 6.0 Hexes
 - Level 8.0 Necromancy
 - Level 6.2 Transmutations
 - Level 8.0 Earth Magic


You had 8 spell levels left.
You knew the following spells:

 Your Spells              Type           Power      Damage    Failure   Level
a - Magic Dart            Conj           100%       1d8       1%          1
b - Searing Ray           Conj           100%       2d8       1%          2
c - Fulminant Prism       Conj/Hex       31%        3d16      1%          4
d - Borgnjor's Vile Clut  Necr/Erth      31%        N/A       3%          5
e - Sublimation of Blood  Necr           63%        N/A       1%          2
g - Statue Form           Tmut/Erth      40%        N/A       24%         6
h - Dispel Undead         Necr           63%        3d22      1%          4
o - Orb of Destruction    Conj           35%        9d10      11%         7

Your spell library contained the following spells:

 Spells                   Type           Power      Damage    Failure   Level
 Iron Shot                Conj/Erth      33%        9d7       3%          6
 Wereblood                Tmut           56%        N/A       1%          2
 Dazzling Flash           Conj/Hex       100%       N/A       1%          3
 Animate Dead             Necr           63%        N/A       1%          4
 Iskenderun's Mystic Bla  Conj/Tloc      50%        2d11      1%          4
 Petrify                  Tmut/Erth      60%        N/A       1%          4
 Yara's Violent Unravell  Hex/Tmut       27%        3d12      1%          5
 Summon Small Mammal      Summ           76%        N/A       2%          1
 Summon Guardian Golem    Hex/Summ       38%        N/A       2%          3
 Call Canine Familiar     Summ           19%        N/A       9%          3
 Gell's Gravitas          Tloc           19%        N/A       9%          3
 Lesser Beckoning         Tloc           19%        N/A       9%          3
 Teleport Other           Tloc           19%        N/A       9%          3
 Corpse Rot               Necr/Pois/Air  36%        N/A       10%         4
 Conjure Ball Lightning   Conj/Air       25%        3x3d7     14%         6
 Death Channel            Necr           31%        N/A       16%         6
 Metabolic Englaciation   Hex/Ice        19%        N/A       22%         5
 Summon Mana Viper        Hex/Summ       38%        N/A       22%         5
 Summon Forest            Summ/Tloc      9%         N/A       58%         5
 Summon Cactus Giant      Summ           9%         N/A       98%         6
 Summon Hydra             Summ           9%         N/A       100%        7
 Discord                  Hex            27%        N/A       100%        8
 Disjunction              Tloc           9%         N/A       100%        8


Dungeon Overview and Level Annotations

Branches:
Dungeon (13/15)            Temple (1/1) D:4            Lair (5/5) D:11
 Shoals (0/4) Lair:3        Snake (0/4) Lair:3        Slime (0/5) Lair:5
    Orc (2/2) D:10            Elf (0/3) Orc:2        Bailey (visited)
 Vaults: D:13-14

Altars:
Ashenzari
Cheibriados
Dithmenos
Elyvilon
Fedhas
Gozag
Hepliaklqana
Kikubaaqudgha
Makhleb
Nemelex Xobeh
Okawaru
Qazlal
Ru
Sif Muna
Trog
Uskayaw
Vehumet
Wu Jian
Xom
Yredelemnul
Zin
The Shining One
Jiyva

Shops:
D:3 =   D:6 *   D:12 ((   Orc:2 =[**[

Annotations:
D:2 Sigmund
D:13 1 runed translucent door


Innate Abilities, Weirdness & Mutations

You are too large for most types of armour.
You have tough skin. (AC +1)
Your mind is acute. (Int +4, Str/Dex -1)
You are occasionally teleported next to monsters.
You expend magic power (3 MP) to strengthen your wands.


Message History

Okay, then.
Okay, then.
You open the lid... ...and a larval batsting beast flies out!
The box is emptied!
You block the ghost moth's attack. The ghost moth completely misses you.
You block the ghost moth's attack.
Unknown command.
You swap places.
The ghost moth hits your larval batsting beast! x2
Your larval batsting beast dies!
Your larval batsting beast's corpse disappears in a puff of smoke!
Unknown command.
Unknown command.
Clouds of noxious fumes condense around you!
The condenser dries out!
The ghost moth stares at you.
You feel your power leaking away. The ghost moth hits you.
* * * LOW HITPOINT WARNING * * *
The ghost moth closely misses you. You block the ghost moth's attack.
Press: ? - help, v - describe, . - travel
Here: a ghost moth (noxious fumes, slightly transparent)
A stone staircase leading down.
You barely miss the ghost moth. The ghost moth hits you.
* * * LOW HITPOINT WARNING * * *
You feel clumsy.
You have lost your dexterity.
The ghost moth hits you but does no damage.
The ghost moth stings you!
* * * LOW HITPOINT WARNING * * *
The ghost moth stares at you. The ghost moth hits you!
* * * LOW HITPOINT WARNING * * *
The ghost moth hits you but does no damage.
The ghost moth completely misses you. The ghost moth stares at you.
The ghost moth hits you!
* * * LOW HITPOINT WARNING * * *
The ghost moth hits you but does no damage.
The ghost moth stings you!
You die...

##...[.)........##.#
###########
..))))).))).##..##.#
##...#####...##....############
##...#####...##........#......#
...[.....#...##........#......#
##...###......................#
##### ###...##........#......#
###..................#
####.§@§....#....>.#
#.§y§....#..[...#
#.§§§....#......#
#........#......#
#################


You could see a ghost moth (invisible).

Vanquished Creatures
  Rupert (D:13)
  5 emperor scorpions (D:13)
  An orc warlord (Orc:1)
  Nessos (D:12)
  An ettin (Orc:2)
  Josephine (Orc:2)
  A fire dragon (Lair:5)
  Fannar (D:11)
  7 hydras
  The ghost of ytrimaz the Martial Artist, a journeyman OpTm of Ashenzari (D:11)
  A catoblepas (Lair:4)
  6 centaur warriors
  7 two-headed ogres
  Erica (Lair:2)
  An orc high priest (Orc:1)
  2 tengu warriors (D:8)
  Lodul (D:12)
  3 sea snakes (D:13)
  The ghost of Valamore the Geomancer, a novice OpEE (D:6)
  3 orc knights
  A lindwurm (Lair:5)
  2 orc sorcerers
  3 wolf spiders (D:13)
  7 ugly things
  A manticore (D:8)
  3 cyclopes
  4 elephants (Lair:3)
  A black mamba (shapeshifter) (D:12)
  6 black mambas
  A guardian serpent (Lair:2)
  2 molten gargoyles (Lair:5)
  11 cane toads
  2 torpor snails
  2 unseen horrors
  9 rime drakes
  14 komodo dragons
  2 kobold demonologists (D:11)
  3 meliai (D:13)
  8 polar bears
  6 trolls
  3 hornets
  9 dream sheep
  16 blink frogs
  8 slime creatures
  2 vampires
  4 spriggans (D:11)
  A shadow (D:10)
  11 wyverns
  41 yaks
  6 wraiths
  7 vampire mosquitoes
  7 basilisks
  11 steam dragons
  7 wargs
  An acid dragon (Lair:3)
  4 hell hounds (Lair:5)
  7 water moccasins
  33 orc warriors
  2 ice beasts
  A sky beast (D:8)
  13 black bears
  12 wolves
  13 ogres
  29 centaurs
  2 kobold brigands
  A necrophage (D:6)
  13 bullfrogs
  A gnoll sergeant (D:9)
  2 scorpions
  13 wights
  18 killer bees
  An electric eel (Lair:3)
  10 howler monkeys
  5 lava snakes (Lair:5)
  Crazy Yiuf (D:5)
  14 orc priests
  A gnoll bouda (D:9)
  A hound (D:6)
  2 iguanas
  24 orc wizards
  8 gnolls (D:9)
  10 adders
  A shadow imp (D:4)
  4 white imps
  An ufetubus (D:6)
  2 worms
  75 orcs
  A bat (D:1)
  4 endoplasms
  2 giant cockroaches
  3 goblins
  6 hobgoblins
  A quokka (D:1)
  3 ball pythons
  2 frilled lizards (D:3)
  4 kobolds
  4 rats
622 creatures vanquished.

Vanquished Creatures (collateral kills)
  An orc knight (Orc:2)
  4 elephants (Lair:5)
  A black mamba (Lair:5)
  2 cane toads (Lair:5)
  A torpor snail (Lair:2)
  2 hornets (D:13)
  3 dream sheep
  6 yaks (Lair:5)
  A steam dragon (Lair:5)
  8 orc warriors
  5 orcs
34 creatures vanquished.

Vanquished Creatures (others)
  A centaur warrior (D:13)
  A manticore (D:13)
  2 centaurs
  An orc wizard (D:3)
  292 fulminant prisms
  35 fungi
  63 plants
395 creatures vanquished.

Grand Total: 1051 creatures vanquished

Notes
Turn   | Place    | Note
-------+----------+-------------------------------------------
     0 | D:1      | wingedge the Ogre Conjurer began the quest for the Orb.
     0 | D:1      | Reached XP level 1. HP: 16/16 MP: 3/3
   281 | D:1      | Reached skill level 1 in Fighting
   614 | D:1      | Reached XP level 2. HP: 27/27 MP: 3/6
   679 | D:1      | Learned a level 2 spell: Searing Ray
  1610 | D:2      | Reached XP level 3. HP: 33/33 MP: 2/7
  1661 | D:2      | Noticed Sigmund
  1666 | D:2      | Gained mutation: You are occasionally teleported next to
                  | monsters. [potion of mutation]
  1666 | D:2      | Gained mutation: Your mind is acute. (Int +4, Str/Dex -1)
                  | [potion of mutation]
  1666 | D:2      | Gained mutation: You expend magic power (3 MP) to
                  | strengthen your wands. [potion of mutation]
  1911 | D:3      | Noticed a centaur
  1915 | D:3      | Killed a centaur
  1916 | D:3      | Reached skill level 2 in Fighting
  1916 | D:3      | Reached XP level 4. HP: 37/42 MP: 2/10
  1989 | D:3      | Found an ornate altar of the Wu Jian Council.
  2070 | D:3      | Reached skill level 1 in Hexes
  2092 | D:3      | Reached XP level 5. HP: 49/49 MP: 6/11
  2226 | D:3      | Found a faded altar of an unknown god.
  2359 | D:3      | Found Qiypsyfe's Jewellery Shop.
  2401 | D:3      | Reached skill level 3 in Fighting
  2796 | D:3      | Reached skill level 4 in Fighting
  2796 | D:3      | Reached XP level 6. HP: 62/62 MP: 3/12
  3036 | D:4      | Reached skill level 5 in Fighting
  3133 | D:4      | Reached skill level 6 in Fighting
  3376 | D:4      | Found a staircase to the Ecumenical Temple.
  3386 | Temple   | Entered the Ecumenical Temple
  3595 | Temple   | Became a worshipper of Vehumet
  3797 | D:4      | Found a bloodstained altar of Trog.
  3797 | D:4      | Found an opulent altar of Gozag.
  3978 | D:5      | Entered Level 5 of the Dungeon
  4013 | D:5      | Reached skill level 5 in Spellcasting
  4013 | D:5      | Reached XP level 7. HP: 75/75 MP: 5/14
  4323 | D:5      | Noticed a wyvern
  4437 | D:5      | Killed a wyvern
  4636 | D:5      | Learned a level 4 spell: Fulminant Prism
  4760 | D:5      | Found a runed translucent door.
  4761 | D:5      | Noticed Crazy Yiuf
  4947 | D:5      | Reached XP level 8. HP: 76/83 MP: 7/17
  5128 | D:5      | Reached skill level 7 in Fighting
  5225 | D:3      | Bought an amulet of magic regeneration for 300 gold pieces
  5471 | D:5      | Found a shimmering blue altar of Sif Muna.
  5601 | D:5      | Killed Crazy Yiuf
  5681 | D:6      | Found a white marble altar of Elyvilon.
  5759 | D:6      | Found a snail-covered altar of Cheibriados.
  5808 | D:6      | Found a runed translucent door.
  5816 | D:6      | Noticed Valamore's ghost (novice OpEE)
  5829 | D:6      | Killed Valamore's ghost
  5830 | D:6      | Reached skill level 8 in Fighting
  5830 | D:6      | Reached XP level 9. HP: 42/96 MP: 2/19
  6019 | D:6      | Reached skill level 5 in Conjurations
  6154 | D:6      | Reached skill level 1 in Necromancy
  6154 | D:6      | Reached skill level 1 in Earth Magic
  6372 | D:6      | Found Zubri's Overcharged Wands.
  6586 | D:7      | Reached * piety under Vehumet
  6586 | D:7      | Offered knowledge of Foxfire by Vehumet.
  6616 | D:7      | Reached skill level 5 in Hexes
  6933 | D:7      | Reached skill level 9 in Fighting
  7231 | D:7      | Noticed a two-headed ogre
  7239 | D:7      | Killed a two-headed ogre
  7240 | D:7      | Reached skill level 10 in Fighting
  7240 | D:7      | Reached XP level 10. HP: 84/110 MP: 10/20
  7788 | D:8      | Identified 2 scrolls of acquirement
  7792 | D:8      | Acquired the +8 tower shield of Inevitability {rElec rF-
                  | Int+7}
  7847 | D:8      | Reached skill level 1 in Shields
  7961 | D:8      | Found a flagged portal.
  8002 | Bailey   | Entered a bailey
  8022 | Bailey   | Noticed an orc knight
  8039 | Bailey   | Offered knowledge of Scorch by Vehumet.
  8044 | Bailey   | Reached ** piety under Vehumet
  8052 | Bailey   | Reached skill level 11 in Fighting
  8074 | Bailey   | HP: 3/113 [orc knight/+0 glaive (9)]
  8075 | Bailey   | Killed an orc knight
  8874 | D:8      | Learned a level 5 spell: Borgnjor's Vile Clutch
  8963 | D:8      | Noticed a purple ugly thing
  8964 | D:8      | Noticed a tengu warrior
  8964 | D:8      | Noticed a purple ugly thing
  8986 | D:8      | Killed a tengu warrior
  8987 | D:8      | Reached skill level 5 in Shields
  8995 | D:8      | Killed a white ugly thing
  8996 | D:8      | Reached XP level 11. HP: 59/120 MP: 14/23
  8996 | D:8      | Killed a white ugly thing
  8997 | D:8      | Reached skill level 5 in Necromancy
  9147 | D:8      | Noticed a manticore
  9157 | D:8      | Killed a manticore
  9159 | D:8      | Noticed a tengu warrior
  9165 | D:8      | Killed a tengu warrior
  9665 | D:8      | Learned a level 2 spell: Sublimation of Blood
  9867 | D:8      | Found a sacrificial altar of Ru.
  9876 | D:8      | Found a basalt altar of Yredelemnul.
 10646 | D:9      | Offered knowledge of Static Discharge by Vehumet.
 11012 | D:9      | Reached *** piety under Vehumet
 11080 | D:9      | Found a blossoming altar of Fedhas.
 11292 | D:9      | Found a hide-covered altar of Uskayaw.
 11366 | D:10     | Entered Level 10 of the Dungeon
 11481 | D:10     | Found an iron altar of Okawaru.
 11577 | D:10     | Reached skill level 10 in Shields
 11579 | D:10     | Offered knowledge of Flame Wave by Vehumet.
 11747 | D:10     | Found a staircase to the Orcish Mines.
 12218 | D:11     | Found a runed translucent door.
 12220 | D:11     | Identified the +0 trident "Zich" {elec, rPois}
 12220 | D:11     | Noticed ytrimaz's ghost (journeyman OpTm)
 12221 | D:11     | Noticed a spriggan rider
 12236 | D:11     | Reached **** piety under Vehumet
 12237 | D:11     | Reached XP level 12. HP: 109/130 MP: 15/24
 12245 | D:11     | Killed ytrimaz's ghost
 12392 | D:11     | Offered knowledge of Conjure Flame by Vehumet.
 12546 | D:11     | Noticed a four-headed hydra
 12553 | D:11     | Killed a four-headed hydra
 12647 | D:11     | Found a staircase to the Lair.
 12678 | D:11     | Noticed a six-headed hydra
 12690 | D:11     | Killed a six-headed hydra
 12934 | D:11     | Noticed a two-headed ogre
 12941 | D:11     | Killed a two-headed ogre
 12983 | D:11     | Reached skill level 5 in Earth Magic
 13849 | D:11     | Acquired the +1 robe of the Jackalope {rN+++ Int+4}
 13869 | D:12     | Noticed Nessos
 13869 | D:12     | Noticed a two-headed ogre
 13871 | D:12     | Noticed a two-headed ogre
 13940 | D:12     | Killed Nessos
 14133 | D:12     | Noticed Fannar
 14133 | D:12     | Noticed a centaur warrior
 14134 | D:12     | Noticed Lodul
 14220 | D:12     | Noticed a two-headed ogre
 14229 | D:11     | Killed a two-headed ogre
 14503 | D:11     | Killed Fannar
 14961 | D:12     | Killed a two-headed ogre
 14962 | D:12     | Reached XP level 13. HP: 139/139 MP: 15/26
 14982 | D:12     | Reached skill level 12 in Fighting
 15054 | D:12     | Killed Lodul
 15054 | D:12     | Reached ***** piety under Vehumet
 15061 | D:12     | Offered knowledge of Yara's Violent Unravelling by Vehumet.
 15226 | D:11     | Reached skill level 13 in Fighting
 15458 | D:12     | Found Ybofebo's Weapon Boutique.
 15763 | D:12     | Found Pyahumpuyr's Weapon Shoppe.
 15845 | Lair:1   | Entered Level 1 of the Lair of Beasts
 15863 | Lair:1   | Reached skill level 14 in Fighting
 15922 | Lair:1   | Learned a level 5 spell: Yara's Violent Unravelling
 16065 | Lair:1   | Reached skill level 1 in Transmutations
 16963 | Lair:2   | Noticed Erica
 16970 | Lair:2   | Paralysed by something for 4 turns
 16976 | Lair:2   | Killed Erica
 17077 | Lair:2   | Reached XP level 14. HP: 79/156 MP: 27/27
 17536 | Lair:2   | You fall into a shaft and drop 2 floors!
 17660 | Lair:3   | Found a staircase to the Snake Pit.
 19463 | Lair:3   | Found a staircase to the Shoals.
 19849 | Lair:3   | Reached skill level 15 in Fighting
 19874 | Lair:3   | Learned a level 6 spell: Statue Form
 20780 | Lair:4   | Reached skill level 5 in Transmutations
 21185 | Lair:5   | Entered Level 5 of the Lair of Beasts
 21190 | Lair:5   | Reached skill level 10 in Spellcasting
 21568 | Lair:5   | Offered knowledge of Orb of Destruction by Vehumet.
 21579 | Lair:5   | Reached XP level 15. HP: 52/167 MP: 18/30
 22200 | Lair:5   | Learned a level 7 spell: Orb of Destruction
 22603 | Lair:5   | Found a large runed translucent door.
 22901 | Lair:5   | Found a large runed translucent door.
 23297 | Lair:5   | Found a viscous altar of Jiyva.
 23297 | Lair:5   | Found a staircase to the Slime Pits.
 23465 | Lair:5   | Identified the +0 leather armour of Cowardice {rCorr}
 23796 | Orc:1    | Entered Level 1 of the Orcish Mines
 23800 | Orc:1    | Noticed an orc warlord
 23806 | Orc:1    | Killed an orc warlord
 23929 | Orc:1    | Offered knowledge of Lee's Rapid Deconstruction by Vehumet.
 24362 | Orc:2    | Entered Level 2 of the Orcish Mines
 24384 | Orc:2    | Found Oseih's Armour Shop.
 24610 | Orc:2    | Noticed Josephine
 24888 | Orc:2    | Killed Josephine
 24890 | Orc:2    | Found a staircase to the Elven Halls.
 25160 | Orc:2    | Found Ruuz's Antique Armour Shop.
 25160 | Orc:2    | Found Opod's Assorted Antiques.
 25160 | Orc:2    | Found Ufaymopn's Assorted Antiques.
 25162 | Orc:2    | Found Woecler's Jewellery Boutique.
 25168 | Orc:2    | Bought a +4 ring of evasion for 468 gold pieces
 25168 | Orc:2    | Bought a ring of see invisible for 195 gold pieces
 25174 | Orc:2    | Bought an embroidered hat for 196 gold pieces
 25180 | Orc:2    | Bought a scroll of magic mapping for 165 gold pieces
 25180 | Orc:2    | Bought a condenser vane for 880 gold pieces
 25180 | Orc:2    | Bought a potion of haste for 220 gold pieces
 25180 | Orc:2    | Bought 2 potions of heal wounds for 220 gold pieces
 25180 | Orc:2    | Bought a scroll of summoning for 209 gold pieces
 25188 | Orc:2    | Bought a fine dagger for 175 gold pieces
 25188 | Orc:2    | Identified the +8 dagger of the Growing Genius {antimagic,
                  | rPois Stlth+} (You bought it in a shop on level 2 of the
                  | Orcish Mines)
 25960 | D:13     | Noticed Rupert
 25960 | D:13     | Found a runed translucent gate.
 25960 | D:13     | Found a runed translucent gate.
 25977 | D:13     | Killed Rupert
 25983 | D:13     | Noticed an emperor scorpion
 25986 | D:13     | Reached ****** piety under Vehumet
 25988 | D:13     | Noticed an emperor scorpion
 26103 | D:13     | Noticed an emperor scorpion
 26191 | D:13     | Reached skill level 10 in Conjurations
 26199 | D:13     | Offered knowledge of Iron Shot by Vehumet.
 26321 | D:13     | Noticed a ghost moth
 26325 | D:13     | Found the +9 staff of Olgreb {rPois∞}
 26327 | D:13     | Noticed a ghost moth
 26330 | D:13     | Found a runed translucent door.
 26356 | D:13     | Noticed an emperor scorpion
 26357 | D:13     | Noticed an emperor scorpion
 26362 | D:13     | Found a runed translucent gate.
 26533 | D:13     | Found a runed translucent door.
 26864 | D:13     | Learned a level 4 spell: Dispel Undead
 27149 | D:13     | Reached skill level 5 in Dodging
 27151 | D:13     | Killed an emperor scorpion
 27152 | D:13     | Killed an emperor scorpion
 27157 | D:13     | Reached XP level 16. HP: 30/176 MP: 3/31
 27161 | D:13     | HP: 9/228 [emperor scorpion (7)]
 27410 | D:12     | Lost dexterity.
 27411 | D:12     | HP: 1/176 [ghost moth (11)]
 27411 | D:12     | Mangled by a ghost moth

Illustrated notes

Levels and vault maps discovered:
D:1:      lemuel_arrival_funnel, layout_basic, serial_forest,
          infiniplex_forest_clump_cross, infiniplex_forest_clump_tiny,
          infiniplex_forest_clump_small, infiniplex_forest_clump_cross,
          infiniplex_forest_straight_2, infiniplex_forest_pool,
          infiniplex_forest_clump_small, infiniplex_forest_clump_cross,
          infiniplex_forest_clump_long
D:2:      layout_basic, serial_co_window_serial, co_window_paths_a,
          co_window_paths_b, co_window_corner_a, co_window_paths_b,
          co_window_paths_a, co_window_paths_c, co_window_corner_ca,
          co_window_of_opportunity_c, co_window_4corner_a, co_window_4corner_b,
          glass_columns_b, lemuel_flame_loot_1, uniq_sigmund
D:3:      layout_basic, nicolae_wu_jian_wuxing_cycle, serial_shops,
          nicolae_shop_hallway_plus, shapermc_ecumenical_altar_pompeii
D:4:      layout_cave_pools, gammafunk_temple_overflow_elements,
          minmay_temple_entry_glassed_door
D:5:      layout_basic, kennysheep_orc_sif_temple, uniq_crazy_yiuf_cottage
D:6:      layout_rooms, kennysheep_mini, amcnicky_altar_gilded,
          ebering_ghost_sewer_d, nicolae_shop_overcharged_wands
D:7:      layout_basic
D:8:      nzn_winding_woodlands_three_and_one
          [nzn_winding_woodlands_5x15_longhouse,
          nzn_winding_woodlands_5x15_default,
          nzn_winding_woodlands_5x15_river_crossing,
          nzn_winding_woodlands_center_pierced_h], layout_basic,
          mainiacjoe_overflow_swirl, enter_bailey_8
D:9:      layout_cave_pools, mainiacjoe_overflow_small_starburst,
          nicolae_overflow_crystal_walls, grunt_ministairs_10
D:10:     layout_basic, overflow_temple_1_default, david_orc_1_choice
D:11:     minmay_polygon_palace, layout_stronghold, lair_entry_dummy,
          ebering_ghost_funeral_grove
D:12:     layout_rooms, serial_shops, kennysheep_mini_moat,
          nicolae_shop_bloodbath_and_beyond, uniq_fannar, uniq_lodul,
          uniq_nessos
D:13:     layout_small_grid, chequers_decorated_corner,
          minmay_guarded_unrand_staff_of_olgreb, uniq_rupert
Temple:   minmay_temple_curvy_loop
Lair:1:   layout_chaotic_city, beast_lair_carwin_2, lemuel_fruit_fields
Lair:2:   beast_lair_carwin_large_3, layout_chaotic_city, grunt_megastairs_4,
          lemuel_fruit_fields, infiniplex_staircase_pool_2, lemuel_fruit_tree,
          uniq_erica
Lair:3:   layout_long_grid, minmay_shoals_entry_centaurs,
          minmay_snake_entry_spellcaster, bobbens_dragon_lair_wall,
          serial_bayou_shore_a, lemuel_fruit_fields
Lair:4:   layout_long_grid, hangedman_lair_unloving_vines
Lair:5:   cheibrodos_lair_end_hotspot, layout_regular_city,
          dpeg_slime_entry_enclosed
Orc:1:    layout_diamond_mine
Orc:2:    st_orc_rangers, layout_caves, serial_shops, nicolae_shop_trees,
          uniq_josephine

Skill      XL: |  1  2  3  4  5  6  7  8  9 10 11 12 13 14 15 16 |
---------------+-------------------------------------------------+-----
Fighting       | 1 2 4 6 8 10 11 14 15 | 15.0
Spellcasting   | 3 4 5 6 7 8 9 11 12 | 12.0
Conjurations   | 4 5 6 7 10 | 10.0
Dodging        | 2 3 5 6 |  6.0
Stealth        | 2 3 |  3.0
Hexes          | 1 2 4 5 6 |  6.0
Necromancy     | 3 4 5 7 8 |  8.0
Earth Magic    | 4 6 8 |  8.0
Shields        | 6 11 13 14 | 14.0
Transmutations | 4 5 6 |  6.2
Long Blades    | |  0.1

Action                   |  1- 3 |  4- 6 |  7- 9 | 10-12 | 13-15 | 16-18 || total
-------------------------+-------+-------+-------+-------+-------+-------++-------
Melee: Club              |     5 |    13 |       |       |       |       ||    18
       Unarmed           |     3 |       |       |       |       |       ||     3
       Staff             |       |       |     3 |       |    35 |       ||    38
       Giant club        |       |       |     3 |       |       |       ||     3
       Long sword        |       |       |       |    16 |    41 |    21 ||    78
       Flail             |       |       |       |       |    28 |       ||    28
Throw: Throwing net      |       |       |       |     1 |       |     1 ||     2
 Cast: Magic Dart        |    31 |    21 |    29 |    17 |     2 |       ||   100
       Searing Ray       |     4 |    22 |    41 |    59 |    17 |       ||   143
       Fulminant Prism   |       |       |    16 |   130 |   148 |       ||   294
       Borgnjor's Vile C |       |       |       |    39 |   289 |     4 ||   332
       Sublimation of Bl |       |       |       |     1 |    32 |       ||    33
       Statue Form       |       |       |       |       |    16 |     1 ||    17
       Orb of Destructio |       |       |       |       |    43 |       ||    43
 Abil: End Transformatio |       |       |       |       |     8 |     2 ||    10
Evoke: Wand              |       |       |       |     2 |     8 |       ||    10
       Box of beasts     |       |       |       |       |     1 |     1 ||     2
       Condenser vane    |       |       |       |       |       |     1 ||     1
  Use: Potion            |     2 |     1 |       |     4 |    14 |     1 ||    22
       Scroll            |       |       |       |    18 |    15 |     4 ||    37
 Stab: Sleeping          |     1 |       |       |     1 |       |       ||     2
       Paralysed         |       |       |       |     4 |       |       ||     4
       Distracted        |       |       |       |       |     1 |       ||     1
Armor: Robe              |    15 |    16 |    51 |    45 |    48 |     5 ||   180
       Skin              |       |       |       |       |   252 |   131 ||   383
Dodge: Dodged            |     7 |     6 |    43 |    58 |   212 |    68 ||   394
Block: Tower shield      |       |       |       |   165 |   878 |   123 ||  1166

Table legend: (Time is in decaauts)
 A = Elapsed time spent in this place.
 B = Non-inter-level travel time spent in this place.
 C = Inter-level travel time spent in this place.
 D = Time resting spent in this place.
 E = Time spent auto-exploring this place.
 F = Levels seen in this place.
 G = Mean time per level.
                   A        B        C        D        E       F      G
               +--------+--------+--------+--------+--------+-----+--------+
         Total |  27802 |  25912 |   1890 |   9617 |  11792 |  22 | 1263.7 |
       Dungeon |  16653 |  15157 |   1496 |   5547 |   7139 |  13 | 1281.0 |
        Temple |    227 |    210 |     17 |      0 |    197 |   1 |  227.0 |
          Lair |   8011 |   7750 |    261 |   2660 |   3829 |   5 | 1602.2 |
  Orcish Mines |   2206 |   2091 |    115 |    888 |    625 |   2 | 1103.0 |
        Bailey |    703 |    703 |      0 |    522 |      2 |   1 |  703.0 |
               +--------+--------+--------+--------+--------+-----+--------+

Top non-repeatable levels by time:
    D:11: 2778 daAuts
  Lair:5: 2460 daAuts
     D:8: 2229 daAuts
  Lair:2: 1872 daAuts
     D:5: 1595 daAuts
  Lair:3: 1551 daAuts
     D:3: 1380 daAuts
     D:7: 1231 daAuts
  Lair:4: 1225 daAuts
    D:13: 1201 daAuts
    D:12: 1157 daAuts
   Orc:2: 1106 daAuts
   Orc:1: 1099 daAuts
    D:10: 1066 daAuts
     D:1: 1002 daAuts
